 Dungeon Crawl Stone Soup version 0.26-a0-651-gb41185065b (webtiles) character file.

Game seed: 16039643543566502070

358 looop the Ruffian (level 6, -16/51 HPs)
             Began as a Draconian Transmuter on Sept 29, 2020.
             Demolished by an ogre
             ... wielding a +0 giant club
              (29 damage)
             ... on level 4 of the Dungeon.
             The game lasted 00:03:45 (2840 turns).

looop the Ruffian (Draconian Transmuter)            Turns: 2840, Time: 00:03:45

Health: -16/51     AC:  2    Str: 13    XL:     6   Next: 37%
Magic:  3/9        EV: 19    Int: 14    God:
Gold:   131        SH:  0    Dex: 17    Spells: 3/9 levels left

rFire    . . .     SeeInvis +     - Unarmed
rCold    . . .     Faith    .   (shield currently unavailable)
rNeg     . . .     Spirit   .   (armour unavailable)
rPois    x         Reflect  .   (helmet currently unavailable)
rElec    .         Harm     .   (cloak currently unavailable)
rCorr    .         Rampage  .   (gloves currently unavailable)
MR       .....                  (boots currently unavailable)
Stlth    ++........             h - amulet of regeneration
HPRegen  0.57/turn              n - ring of see invisible
MPRegen  0.11/turn              (no ring)

@: spider-form, very slightly contaminated
A: tiny, unfitting armour, AC +6
a: End Transformation


You were on level 4 of the Dungeon.
You were a venomous arachnid creature.
You visited 1 branch of the dungeon, and saw 4 of its levels.

You collected 131 gold pieces.

Inventory:

Missiles
 p - 6 javelins (quivered)
Jewellery
 h - an amulet of regeneration (around neck)
 n - a ring of see invisible (left front leg)
Wands
 k - a wand of polymorph (6)
Scrolls
 b - 7 scrolls of identify {unknown}
 c - 5 scrolls of remove curse
 i - a scroll of blinking {unknown}
 m - a scroll of enchant weapon {unknown}
 o - a scroll of immolation {unknown}
Potions
 a - 4 potions of flight {unknown}
 d - a potion of berserk rage {unknown}
 e - a potion of stabbing {unknown}
 f - 2 potions of heal wounds
 g - 3 potions of curing {unknown}
 j - a potion of mutation {unknown}
 l - a potion of cancellation {unknown}


   Skills:
 + Level 3.5 Fighting
 - Level 1.7 Dodging
 * Level 5.5 Unarmed Combat
 - Level 2.0 Spellcasting
 + Level 3.7 Transmutations


You had 3 spell levels left.
You knew the following spells:

 Your Spells              Type           Power        Failure   Level
a - Beastly Appendage     Tmut           ##....       14%         1
b - Wereblood             Tmut           ##......     21%         2
c - Spider Form           Tmut/Pois      #.........   54%         3

Your spell library contained the following spells:

 Spells                   Type           Power        Failure   Level
 Ice Form                 Ice/Tmut       #.......     88%         4
 Blade Hands              Tmut           ##........   92%         5


Dungeon Overview and Level Annotations

Branches:
Dungeon (4/15)
 Temple: D:4-7

Altars:
Trog


Innate Abilities, Weirdness & Mutations

((Your plain brown scales are hard. (AC +6)))
You cannot fit into any form of body armour.
((You are cold-blooded and may be slowed by cold attacks.))


Message History

Unknown command.
Unknown command.
Casting: Beastly Appendage (safe; 4% risk of failure)
Confirm with . or Enter, or press ? or * to list all spells.
You miscast Spider Form.
You are very lightly contaminated with residual magic.
You feel a strange surge of energy.
The ogre hits you with a +0 giant club!!
* * * LOW HITPOINT WARNING * * *
Casting: Spider Form (dangerous; 32% risk of failure)
Confirm with . or Enter, or press ? or * to list all spells.
You turn into a venomous arachnid creature.
You bite the ogre!
The ogre is poisoned.
The ogre is heavily wounded.
The ogre closely misses you.
You bite the ogre!
The ogre looks as sick as possible!
The ogre is severely wounded.
The ogre hits you with a +0 giant club!!
Ouch! That really hurt!
You die...

######
#....####
#....#..#
#....#..#
#....'Os#
####
#....####
#...
[(...##'##
#... ...
#..# #... .
#..# #...
#..# ####
###..# #...
#....# ##..
#....######
##..


You could see an ogre (extremely poisoned).

Vanquished Creatures
  Sigmund (D:3)
  Natasha (thrice) (D:3)
  4 adders
  2 dart slugs
  2 leopard geckos (D:3)
  11 orcs
  8 giant cockroaches
  3 goblins
  7 hobgoblins
  7 kobolds
  A quokka (D:3)
  12 bats
  2 frilled lizards
  6 rats
69 creatures vanquished.

Notes
Turn   | Place    | Note
-------+----------+-------------------------------------------
     0 | D:1      | looop the Draconian Transmuter began the quest for the Orb.
     0 | D:1      | Reached XP level 1. HP: 16/16 MP: 3/3
   100 | D:1      | Reached XP level 2. HP: 22/23 MP: 5/5
   996 | D:2      | Reached XP level 3. HP: 27/29 MP: 4/6
  1689 | D:3      | Found a bloodstained altar of Trog.
  1765 | D:3      | Reached skill level 4 in Unarmed Combat
  1771 | D:3      | Reached XP level 4. HP: 24/36 MP: 7/7
  1811 | D:3      | Noticed Sigmund
  1860 | D:3      | Learned a level 2 spell: Wereblood
  1864 | D:3      | Learned a level 3 spell: Spider Form
  2073 | D:3      | Killed Sigmund
  2073 | D:3      | Reached skill level 5 in Unarmed Combat
  2073 | D:3      | Reached XP level 5. HP: 26/45 MP: 5/8
  2169 | D:3      | Reached XP level 6. HP: 51/51 MP: 9/9
  2397 | D:3      | Noticed Natasha
  2407 | D:3      | Killed Natasha
  2503 | D:3      | Noticed Natasha
  2511 | D:3      | Killed Natasha
  2710 | D:3      | Noticed Natasha
  2720 | D:3      | Killed Natasha
  2840 | D:4      | Demolished by an ogre

Illustrated notes

Levels and vault maps discovered:
D:1:      minmay_arrival_arboretum_small, layout_basic
D:2:      layout_loops_ring
D:3:      layout_basic, lemuel_crystal_altar, uniq_sigmund, uniq_natasha
D:4:      layout_gridville

Skill      XL: |  1  2  3  4 |
---------------+-------------+-----
Fighting       | 2 3 |  3.5
Unarmed Combat | 4 5 |  5.5
Transmutations | 3 |  3.7
Dodging        | |  1.7
Spellcasting   | |  2.0

Action                   |  1- 3 |  4- 6 || total
-------------------------+-------+-------++-------
Melee: Unarmed           |   153 |   112 ||   265
       Tailslap          |     7 |     8 ||    15
       Kick              |     4 |     5 ||     9
       Headbutt          |     3 |     8 ||    11
       Punch             |     2 |     2 ||     4
 Cast: Beastly Appendage |     2 |     4 ||     6
       Spider Form       |       |     2 ||     2
  Use: Scroll            |     1 |     1 ||     2
 Stab: Sleeping          |     2 |     1 ||     3
Armor: Skin              |    64 |    36 ||   100
Dodge: Dodged            |   120 |    84 ||   204

Table legend: (Time is in decaauts)
 A = Elapsed time spent in this place.
 B = Non-inter-level travel time spent in this place.
 C = Inter-level travel time spent in this place.
 D = Time resting spent in this place.
 E = Time spent auto-exploring this place.
 F = Levels seen in this place.
 G = Mean time per level.
                   A        B        C        D        E       F      G
               +--------+--------+--------+--------+--------+-----+--------+
         Total |   2819 |   2774 |     45 |     29 |   2119 |   4 |  704.8 |
       Dungeon |   2819 |   2774 |     45 |     29 |   2119 |   4 |  704.8 |
               +--------+--------+--------+--------+--------+-----+--------+

Top non-repeatable levels by time:
     D:3: 1060 daAuts
     D:1: 965 daAuts
     D:2: 705 daAuts
     D:4: 88 daAuts
